Map: Winter's Gate LE

Players

TIME (Oliveira)

  • Race: Terran Terran
  • Spawn Location: 11:00

Maru - Winner!

  • Race: Terran Terran
  • Spawn Location: 5:00

Event: 2019 WCS Global FInals

VOD

Have the link to the VOD?

Description

Time

  • Played on: Oct. 25, 2019, 4:29 a.m.
  • Length: 9:13

All games in this series

Show
View Real Time Build Order
Export as new Build Order

TIME Terran 

Build Orders:  

Get SALT Encoding   

  12  0:00  SCV  
  13  0:12  SCV  
  14  0:17  Supply Depot  
  14  0:25  SCV  
  15  0:38  SCV  
  15  0:40  Barracks  
  16  0:43  Refinery  
  16  0:50  SCV  
  17  0:59  Barracks  
  17  1:03  SCV  
  18  1:15  SCV  
  19  1:27  Reaper, Orbital Command  
  19  1:32  Supply Depot  
  20  1:47  Reaper  
  20  1:53  SCV  
  22  2:03  Reaper  
  23  2:10  Command Center  
  23  2:13  SCV  
  24  2:19  Refinery  
  24  2:21  Marine  
  25  2:25  SCV  
  26  2:35  Bunker, Marine  
  27  2:37  SCV  
  28  2:46  Factory  
  28  2:49  SCV  
  29  2:56  Barracks Reactor  
  29  3:01  SCV  
  30  3:13  SCV  
  31  3:22  Orbital Command  
  31  3:25  Refinery, SCV  
  32  3:30  Factory Tech Lab, Starport  
  32  3:34  Marine x2  
  32  3:38  SCV  
  34  3:47  SCV  
  35  3:50  Cyclone, SCV  
  35  3:52  Marine x2  
  41  3:59  Supply Depot  
  41  4:00  SCV  
  41  4:02  SCV  
  42  4:10  Barracks Tech Lab  
  42  4:12  Starport Tech Lab, SCV  
  43  4:17  Command Center  
  43  4:19  SCV  
  44  4:26  SCV  
  44  4:29  Marine  
  44  4:30  Raven, Marine  
  44  4:31  SCV  
  50  4:33  Stimpack  
  51  4:38  Supply Depot, SCV  
  51  4:43  Siege Tank  
  54  4:48  Supply Depot  
  54  4:58  Barracks  
  54  5:00  Marine x2, SCV x2  
  54  5:01  Marine  
  59  5:12  SCV x2  
  61  5:15  Siege Tank  
  61  5:16  Supply Depot  
  61  5:17  Marine  
  65  5:22  Starport Reactor, Marine  
  65  5:24  Marine, SCV  
  65  5:25  SCV  
  69  5:31  Engineering Bay  
  69  5:32  Engineering Bay  
  69  5:35  Orbital Command  
  69  5:36  Marine  
  69  5:39  SCV  
  69  5:40  SCV  
  72  5:44  Marine x2  
  72  5:46  Barracks Reactor  
  74  5:50  Refinery  
  74  5:52  Siege Tank  
  74  5:55  Orbital Command  
  77  5:57  SCV  
  77  5:58  SCV  
  77  5:59  Marine  
  77  6:02  Medivac x2  
  84  6:05  Marine  
  84  6:06  Supply Depot  
  84  6:07  Marine  
  86  6:12  SCV  
  86  6:13  Combat Shield, SCV  
  86  6:18  Marine  
  88  6:23  SCV  
  88  6:24  Marine  
  82  6:36  Marine  
  82  6:37  SCV  
  82  6:38  Marine  
  82  6:39  Siege Tank  
  77  6:40  Marine x2  
  77  6:42  Medivac x2  
  77  6:43  Marine, SCV x2  
  86  6:52  SCV  
  86  6:53  Marine  
  87  6:54  Barracks  
  87  6:55  Barracks, SCV  
  87  6:56  Marine  
  87  6:58  Marine x2  
  87  7:00  SCV  
  89  7:01  Marine  
  89  7:04  SCV  
  89  7:07  SCV  
  92  7:11  Marine  
  92  7:12  Siege Tank, SCV  
  92  7:13  Marine  
  98  7:15  Marine  
  98  7:16  Marine, SCV  
  98  7:19  Marine  
  96  7:26  Viking x2  
  96  7:29  Marine, SCV  
  97  7:31  Marine, SCV x2  
  97  7:33  Marine, Refinery x2  
  101  7:39  Supply Depot  
  101  7:41  Supply Depot  
  101  7:42  Armory  
  101  7:45  Barracks Reactor x2  
  101  8:00  Siege Tank, Marine x3, SCV x2  
  101  8:02  Supply Depot, Marine  
  101  8:03  Viking  
  101  8:05  Viking, Supply Depot  
  112  8:06  SCV  
  109  8:17  SCV x2  
  109  8:18  Marine x2  
  98  8:20  SCV  
  98  8:23  Marine, Command Center  
  98  8:24  Marine x3  
  98  8:25  Marine  
  104  8:32  Marine  
  104  8:33  Siege Tank  
  104  8:34  Factory  
  108  8:36  Viking  
  108  8:39  Viking, Marine  
  113  8:41  Marine x2  
  113  8:42  Marine  
  113  8:48  Marine x3  
  119  8:51  Marine x2  
  119  8:55  Supply Depot  
  121  8:57  Supply Depot, SCV  
  121  9:00  Sensor Tower  
Show
View Real Time Build Order
Export as new Build Order

Maru Terran - Winner!

Build Orders:  

Get SALT Encoding   

  12  0:00  SCV  
  13  0:12  SCV  
  14  0:16  Supply Depot  
  14  0:24  SCV  
  15  0:28  Refinery  
  15  0:38  SCV  
  16  0:43  Barracks  
  16  0:50  SCV  
  16  0:52  Refinery  
  17  1:02  SCV  
  18  1:14  SCV  
  19  1:30  Reaper, Orbital Command  
  20  1:33  Factory  
  20  1:48  Supply Depot  
  20  1:55  SCV  
  21  2:02  Reaper  
  21  2:07  SCV  
  23  2:17  Hellion  
  23  2:19  SCV  
  26  2:24  Command Center  
  26  2:32  SCV  
  26  2:34  Supply Depot  
  27  2:40  Reaper  
  27  2:41  Hellion  
  27  2:44  SCV  
  31  2:53  Starport  
  31  2:56  SCV  
  32  3:02  Factory Tech Lab  
  32  3:12  Barracks Reactor  
  32  3:14  SCV  
  32  3:16  Refinery  
  33  3:26  SCV  
  37  3:30  Starport Tech Lab  
  34  3:38  SCV  
  35  3:46  Orbital Command  
  34  3:50  SCV  
  34  3:51  Raven  
  34  3:53  Command Center  
  36  3:59  Marine x2  
  36  4:02  SCV  
  38  4:06  Siege Tank  
  41  4:12  SCV  
  41  4:14  SCV  
  43  4:19  Marine x2  
  43  4:22  Supply Depot  
  45  4:24  SCV  
  45  4:28  SCV  
  47  4:36  SCV  
  48  4:39  Barracks  
  48  4:40  Barracks, SCV  
  48  4:43  Starport Reactor  
  49  4:46  Stimpack  
  49  4:49  SCV  
  49  4:50  Siege Tank  
  53  4:53  SCV  
  53  4:57  Marine  
  55  5:04  Engineering Bay  
  55  5:05  Engineering Bay  
  55  5:07  Orbital Command  
  55  5:09  SCV  
  56  5:17  SCV  
  56  5:21  SCV  
  58  5:23  Siege Tank  
  58  5:27  Starport Reactor  
  61  5:28  Marine x2, Refinery  
  61  5:29  Marine  
  61  5:32  Orbital Command  
  61  5:33  SCV x2  
  66  5:39  Marine x2  
  68  5:45  SCV x2  
  68  5:46  Marine x2  
  68  5:48  Terran Infantry Weapons Level 1, Terran Infantry Armor Level 1  
  72  5:55  Supply Depot  
  72  5:57  SCV x2  
  72  5:58  Supply Depot  
  72  6:00  Siege Tank  
  77  6:15  Supply Depot  
  77  6:16  Medivac x2, Marine x2, SCV x2  
  85  6:19  Marine  
  85  6:20  SCV  
  87  6:28  SCV x2  
  87  6:31  Marine  
  87  6:32  SCV  
  79  6:36  Marine x2  
  79  6:38  Marine x2  
  79  6:39  Siege Tank  
  77  6:40  SCV x2  
  77  6:44  SCV  
  80  6:49  Marine  
  80  6:51  Combat Shield  
  80  6:53  Medivac x2, SCV x2  
  87  6:54  Marine x2  
  87  6:56  Marine x2  
  87  6:57  SCV  
  92  7:04  Armory  
  92  7:06  SCV x2  
  92  7:07  Supply Depot, Marine  
  95  7:09  SCV  
  95  7:11  Missile Turret  
  95  7:12  Sensor Tower, Siege Tank, Marine x2  
  101  7:19  SCV  
  101  7:20  SCV  
  101  7:21  SCV  
  99  7:24  Marine x2  
  98  7:31  SCV  
  98  7:33  Supply Depot  
  98  7:35  Barracks x2, SCV x2  
  101  7:43  SCV  
  102  7:46  Marine x5, Refinery  
  102  7:47  Refinery  
  107  7:51  Supply Depot  
  107  7:54  Siege Tank, Supply Depot  
  110  8:05  SCV  
  111  8:08  Supply Depot  
  111  8:10  Marine x2  
  111  8:11  Marine x3  
  114  8:18  Medivac  
  116  8:24  Barracks Reactor x2  
  116  8:26  Siege Tank  
  119  8:27  Marine  
  119  8:28  Marine  
  119  8:29  Marine x3  
  119  8:32  Supply Depot  
  124  8:35  Supply Depot  
  124  8:45  Marine x2, Command Center  
  124  8:46  Marine x2  
  124  8:47  Marine  
  129  8:51  Supply Depot, Factory  
Tags
 
Add a new tag
Caveats
  • Supply blocks, unpowered buildings, or Contaminate may cause inaccurate times.
  • Supply counts are checked every 10 seconds.